 Dungeon Crawl Stone Soup version 0.20.0 (webtiles) character file.

121 azrac the Bolt Thrower (level 5, -1/40 HPs)
             Began as a Formicid Hunter on June 4, 2017.
             Slain by an orc wizard
             ... wielding a +0 dagger
              (3 damage)
             ... on level 3 of the Dungeon.
             The game lasted 00:03:28 (2280 turns).

azrac the Bolt Thrower (Formicid Hunter)            Turns: 2280, Time: 00:03:28

Health: -1/40      AC:  5    Str: 16 (18) XL:     5   Next: 26%
Magic:  5/5        EV: 11    Int:  7 (10) God:
Gold:   63         SH:  3    Dex: 10 (13) Spells: 4/4 levels left

rFire    . . .     SeeInvis +   b - +1 whip (elec)
rCold    . . .     Gourm    .   g - +0 buckler
rNeg     . . .     Faith    .   c - +0 leather armour
rPois    .         Spirit   .   (helmet unavailable)
rElec    .         Reflect  .   (no cloak)
rCorr    .         Harm     .   (no gloves)
MR       .....     Clarity  +   (no boots)
Stlth    ++........             (no amulet)
Regen    0.2/turn               (no ring)
MPRegen  0.1/turn               (no ring)

@: no status effects
A: permanent stasis, dig shafts and tunnels, four strong arms, antennae 3,
iridescent scales 1, thin skeletal structure 1, clarity
a: Dig, Shaft Self


You were on level 3 of the Dungeon.
You were hungry.

You visited 1 branch of the dungeon, and saw 3 of its levels.

You collected 63 gold pieces.

Inventory:

Hand Weapons
 a - a +1 hand crossbow
 b - a +1 whip of electrocution (weapon)
Missiles
 d - 7 bolts
Armour
 c - a +0 leather armour (worn)
 g - a +0 buckler (worn)
Scrolls
 e - a scroll of random uselessness {unknown}
 k - 2 scrolls of fear {unknown}
 l - 3 scrolls of identify {unknown}
 m - 2 scrolls of teleportation {unknown}
 n - a scroll of amnesia {unknown}
 o - a scroll of noise {unknown}
 p - a scroll of magic mapping {unknown}
 q - a scroll of remove curse {unknown}
Potions
 i - a potion of mutation
 r - a potion of ambrosia {unknown}
Comestibles
 f - 5 bread rations
 j - 3 royal jellies
 s - 3 chunks of flesh
 t - a fruit


   Skills:
 + Level 2.9 Fighting
 * Level 4.9 Crossbows
 + Level 2.0 Armour
 + Level 2.5 Dodging
 + Level 1.5 Stealth


You had 4 spell levels left.
You didn't know any spells.

Dungeon Overview and Level Annotations

Branches:
Dungeon (3/15)

Altars:
Nemelex Xobeh

Annotations:
D:3 azrac's ghost, amateur FoHu


Innate Abilities, Weirdness & Mutations

You cannot be hasted, slowed, berserked, paralysed or teleported.
You can dig through walls and to a lower floor.
Your four strong arms can wield two-handed weapons with a shield.
You have a pair of large antennae on your head. (SInv)
You are partially covered in iridescent scales. (AC +2)
You have a somewhat thin skeletal structure. (Dex +2, Stealth)
You possess an exceptional clarity of mind.


Message History

The orc wizard hits you with a dagger.
* * * LOW HITPOINT WARNING * * *
You are too injured to fight recklessly!
You barely miss the orc wizard.
The orc wizard is heavily wounded.
The orc wizard hits you with a dagger.
* * * LOW HITPOINT WARNING * * *
You are too injured to fight recklessly!
You hit the orc wizard.
The orc wizard is severely wounded.
The orc wizard hits you but does no damage.
You closely miss the orc wizard.
The orc wizard is severely wounded.
The orc wizard hits you with a dagger.
* * * LOW HITPOINT WARNING * * *
It was a potion of degeneration.
There was something very wrong with that liquid.
You feel weakened.
You feel dopey.
You feel clumsy. The orc wizard hits you with a dagger.
You die...

≈≈... ≈≈..# ≈≈..# #≈≈..#
#≈≈..# ####≈≈g)##+# #####
#...≈≈g..?.. #...# ###
#...≈≈≈..... #...# ##@#
#.(..≈≈≈≈≈≈≈ #...# #o##
#(....≈≈≈≈≈≈
#...#####÷#####{.....###≈
###...{...)....((((...(#
#.....###########(.....#
#...#...# #..(..(#####
{oo# #...# #.(....##... {.
#).## #.{....##... {{{
...#############.####...÷.


You could see an orc wizard.

Vanquished Creatures
  5 gnolls
  2 adders
  An ooze (D:2)
  A worm (D:2)
  An orc (D:3)
  3 giant cockroaches
  8 goblins
  5 hobgoblins
  4 kobolds
  A ball python (D:2)
  9 bats
  4 frilled lizards
  7 rats
51 creatures vanquished.

Notes
Turn   | Place    | Note
-------+----------+-------------------------------------------
     0 | D:1      | azrac the Formicid Hunter began the quest for the Orb.
     0 | D:1      | Reached XP level 1. HP: 16/16 MP: 1/1
   252 | D:1      | Reached XP level 2. HP: 21/22 MP: 2/2
   529 | D:1      | Reached skill level 1 in Armour
   875 | D:1      | Reached XP level 3. HP: 20/28 MP: 3/3
  1040 | D:2      | Reached XP level 4. HP: 13/34 MP: 4/4
  1500 | D:2      | Found a sparkling altar of Nemelex Xobeh.
  1711 | D:3      | Noticed azrac's ghost (amateur FoHu)
  2064 | D:2      | Gained mutation: Armour fits poorly on your strangely shaped body. [potion of mutation]
  2064 | D:2      | Gained mutation: You are somewhat resistant to further mutation. [potion of mutation]
  2065 | D:2      | Lost mutation: You are somewhat resistant to further mutation. [potion of mutation]
  2065 | D:2      | Lost mutation: Armour fits poorly on your strangely shaped body. [potion of mutation]
  2065 | D:2      | Gained mutation: Scrolls take you a little longer to read. [potion of mutation]
  2065 | D:2      | Gained mutation: Your flesh is cold resistant. (rC+) [potion of mutation]
  2065 | D:2      | Gained mutation: You possess an exceptional clarity of mind. [potion of mutation]
  2066 | D:2      | Lost mutation: Scrolls take you a little longer to read. [potion of mutation]
  2066 | D:2      | Lost mutation: Your flesh is cold resistant. (rC+) [potion of mutation]
  2066 | D:2      | Lost mutation: You possess an exceptional clarity of mind. [potion of mutation]
  2066 | D:2      | Gained mutation: You are partially covered in iridescent scales. (AC +2) [potion of mutation]
  2066 | D:2      | Gained mutation: You possess an exceptional clarity of mind. [potion of mutation]
  2066 | D:2      | Gained mutation: You have a somewhat thin skeletal structure. (Dex +2, Stealth) [potion of mutation]
  2143 | D:3      | Reached XP level 5. HP: 40/40 MP: 5/5
  2277 | D:3      | HP: 2/40 [orc wizard/dagger (1)]
  2280 | D:3      | Slain by an orc wizard

Skill      XL: |  1  2  3  4 |
---------------+-------------+-----
Dodging        | 2 |  2.5
Armour         | 1 2 |  2.0
Fighting       | |  2.9
Crossbows      | |  4.9
Stealth        | |  1.5

Action                   |  1- 3 |  4- 6 || total
-------------------------+-------+-------++-------
Melee: Short sword       |    90 |       ||    90
       Whip              |       |    66 ||    66
 Fire: Hand crossbow     |    19 |    16 ||    35
 Abil: Dig               |       |     2 ||     2
  Use: Potion            |       |     4 ||     4
 Stab: Sleeping          |       |     1 ||     1
  Eat: Chunk             |       |     4 ||     4
Armor: Leather armour    |    61 |    24 ||    85
Dodge: Dodged            |   114 |    60 ||   174
Block: Buckler           |    12 |    14 ||    26
